[Event "US Masters 2024"]
[Site "Charlotte"]
[Date "2024.11.29"]
[Round "4.1"]
[White "Caruana, Fabiano"]
[Black "Can, Isik"]
[Result "1-0"]
[ECO "C24"]
[WhiteElo "2805"]
[BlackElo "2508"]
[Annotator "TA"]
[PlyCount "55"]
[EventDate "2024.09.23"]
[EventType "swiss"]
[EventCountry "USA"]
[SourceTitle "playchess.com"]
[Source "ChessBase"]
[SourceQuality "1"]
[TimeControl "5400+30"]

1. e4 e5 2. Nf3 Nc6 3. Bc4 Nf6 4. d3 d5 5. exd5 Nxd5 6. O-O Be7 7. Re1 f6 8. a3 Bg4 9. h3 Bh5 {[%emt 0:00:40] White is slightly better.} 10. Nc3 Nb6 11. Ba2 Bf7 12. Bxf7+ Kxf7 13. Be3 Qd7 14. b4 Rhe8 15. Ne4 Rad8 (15... a5 $11) 16. b5 $14 Na5 {[%emt 0:08:59] [#]} ({Better is} 16... Nb8 $14) 17. Qb1 $1 $16 {[%emt 0:10:32] Hoping for Bd2. White is more active.} Nc8 18. Bd2 b6 19. Bxa5 bxa5 {[%emt 0:00:02] [#]} 20. d4 $1 Kg8 (20... Kf8 21. dxe5) 21. dxe5 fxe5 $2 (21... Kh8 22. exf6 Bxf6) 22. Nxe5 $18 Qd5 23. Nc6 {[%emt 0:00:50] Excellent horsemanship.} Rd7 24. c4 (24. Nxa5 Nb6 25. Nc6 Kh8 $18) 24... Qf5 {[%emt 0:00:09] Black is weak on the light squares} 25. Qb3 (25. Nxa5 Rf8 26. Qa2 Kh8 $18) 25... Rf8 26. Ra2 (26. Nxa5 Bh4 27. Re2 (27. c5+ Kh8 $18) 27... Kh8 $18) 26... Kh8 27. Rae2 ({Don't play} 27. Nxa5 Bh4 28. Ng3 Bxg3 29. Qxg3 a6) 27... Bc5 $2 (27... Bd6 28. c5 (28. Nxa5 Re7 $18) 28... Bf4) 28. g4 {[%emt 0:00:58] Weighted Error Value: White=0.10 (very precise) /Black=0.33.  Mistake:       	---       	Black=4      Inaccurate:     	White=2     	Black=1      OK:         	White=11    	Black=7      Best:        	White=2     	---        Strong:       	White=1     	---        Brilliant:      	White=1     	---} 1-0

[Event "US Masters 2024"]
[Site "Charlotte"]
[Date "2024.11.29"]
[Round "4.2"]
[White "Oparin, Grigoriy"]
[Black "Samant Aditya S"]
[Result "1/2-1/2"]
[ECO "B12"]
[WhiteElo "2653"]
[BlackElo "2478"]
[Annotator "TA"]
[PlyCount "58"]
[EventDate "2024.09.23"]
[EventType "swiss"]
[EventCountry "USA"]
[SourceTitle "playchess.com"]
[Source "ChessBase"]
[SourceQuality "1"]
[TimeControl "5400+30"]

1. e4 c6 2. d4 d5 3. e5 Bf5 4. c4 e6 5. Nc3 Ne7 6. Nge2 Nd7 7. Ng3 dxc4 8. Bxc4 Nb6 9. Bb3 Bg6 10. h4 h6 11. O-O Qd7 12. h5 Bh7 13. Be3 Ned5 {[%emt 0:09:03] The position is equal.} 14. Qf3 Be7 15. Nce4 O-O 16. Bd2 Kh8 17. Rad1 f6 {[%emt 0:04:35] [#] ...fxe5 would now be deadly.} 18. Nc5 Qc8 ({Much worse is} 18... Bxc5 $6 19. dxc5 fxe5 20. Qe2 $18) 19. Qe2 fxe5 20. Qxe5 Nd7 21. Qxe6 Nxc5 22. Qxc8 Raxc8 23. dxc5 Bd3 24. Bxd5 cxd5 25. Rfe1 Bxc5 26. Be3 Bb4 {[%emt 0:00:44] [#] ...Rc2 is the strong threat. This pair of bishops is nice.} 27. Bd2 Bc5 28. Be3 Bb4 {[%emt 0:00:17] And now ...Rc2 would win.} 29. Bd2 Bc5 {[%emt 0:00:04] An uneventful encounter.   Weighted Error Value: White=0.08 (flawless) /Black=0.08 (flawless) .  Inaccurate:     	---       	Black=1      OK:         	White=9     	Black=14     Best:        	White=2     	---} 1/2-1/2

[Event "US Masters 2024"]
[Site "Charlotte"]
[Date "2024.11.29"]
[Round "4.3"]
[White "Moradiabadi, Elshan"]
[Black "Donchenko, Alexander"]
[Result "1/2-1/2"]
[ECO "B51"]
[WhiteElo "2515"]
[BlackElo "2617"]
[Annotator "RC"]
[PlyCount "105"]
[EventDate "2024.09.23"]
[EventType "swiss"]
[EventCountry "USA"]
[SourceTitle "playchess.com"]
[Source "ChessBase"]
[SourceQuality "1"]
[TimeControl "5400+30"]

1. e4 c5 2. Nf3 d6 3. Bb5+ Nd7 4. Ba4 Ngf6 5. O-O e6 6. d3 Be7 7. c4 O-O 8. Nc3 a6 9. Qe2 h6 10. Bd2 Qc7 11. Ne1 Ne5 12. f4 Nc6 13. Bxc6 Qxc6 14. g4 Nh7 15. a4 Bd7 16. Nf3 b5 17. axb5 axb5 18. Nxb5 Qb6 19. Nc3 Rxa1 20. Rxa1 Qxb2 21. Rb1 Qb6 22. Ra1 Qb2 23. Rb1 Qa3 24. g5 hxg5 25. Rb7 Rd8 26. fxg5 Bf8 27. Nd1 Qa8 28. Rb1 d5 29. Bf4 dxe4 30. dxe4 Bc6 31. Nf2 Be7 32. h4 f6 33. g6 Nf8 34. h5 e5 35. Bc1 Ne6 36. h6 Rb8 37. Nxe5 fxe5 38. Qh5 Rxb1 39. hxg7 Rxc1+ 40. Kh2 Rh1+ 41. Kxh1 Bxe4+ 42. Kh2 Kxg7 43. Qh7+ Kf6 44. Qf7+ Kg5 45. Qxe7+ Kh5 46. Qxe6 Bxg6 47. Qxe5+ Kh6 48. Ng4+ Kh7 49. Nf6+ Kh6 50. Qe3+ Kg7 51. Qe7+ Kh6 52. Ng4+ Kh5 53. Nf6+ 1/2-1/2

[Event "US Masters 2024"]
[Site "Charlotte"]
[Date "2024.11.29"]
[Round "4.4"]
[White "Mitrabha, Guha"]
[Black "Theodorou, Nikolas"]
[Result "0-1"]
[ECO "A20"]
[WhiteElo "2511"]
[BlackElo "2612"]
[Annotator "TA"]
[PlyCount "88"]
[EventDate "2024.09.23"]
[EventType "swiss"]
[EventCountry "USA"]
[SourceTitle "playchess.com"]
[Source "ChessBase"]
[SourceQuality "1"]
[TimeControl "5400+30"]

1. c4 e5 2. g3 c6 3. d4 Bb4+ 4. Bd2 Bxd2+ 5. Qxd2 d6 6. Nc3 Nf6 7. Bg2 O-O 8. d5 Qe7 9. e3 e4 10. Nge2 {[%emt 0:02:11] White has an edge.} c5 11. h3 h5 12. Qc2 Re8 13. O-O-O Qe5 {[%emt 0:07:41] [#]} 14. g4 $1 h4 {[%emt 0:00:09] Inhibits Ng3.} 15. g5 Qxg5 16. Nxe4 Nxe4 (16... Qxg2 $2 {loses.} 17. Nxf6+ gxf6 18. Rhg1 $18) 17. Bxe4 Nd7 18. Nc3 Qh6 19. Rdg1 Nf6 {[%emt 0:02:50] Hoping for ...Nxe4.} 20. Bd3 a6 {[%emt 0:00:05] Dodges Nb5} 21. Qd2 b5 22. f4 (22. cxb5 $11 {keeps the balance.} axb5 23. Bxb5) 22... b4 23. Nd1 Ne4 {[%emt 0:01:58] Dodges Nf2} 24. Bxe4 Rxe4 25. Qd3 Bf5 {[%emt 0:05:22] Threatens to win with ...Qf6.} 26. Rg5 $1 Bh7 {[%emt 0:13:39][%cal Oe4f4] aiming for ...Rxf4!} 27. Rhg1 $1 Rxf4 28. Qe2 (28. Rxg7+ $11 Qxg7 29. Rxg7+ Kxg7 30. Qe2) 28... Rf5 (28... Re8 $17 {...Bg6 is the strong threat.} 29. Rxg7+ Kf8) 29. Rxg7+ $15 Kh8 30. R7g4 Rg8 $1 31. Qe1 {[%emt 0:02:25] [#]} (31. Rxg8+ $15 Bxg8 32. a3) 31... Rfg5 $1 $17 32. Rxg5 (32. Qf1 $17) 32... Rxg5 $19 33. Qf2 Rxg1 34. Qxg1 {[%emt 0:00:01][%mdl 4096] Endgame. KQB-KQN} Bd3 35. b3 {[%emt 0:01:24] [#] This costs White the game.} (35. Qg4 $17) 35... Bf5 $1 36. Qf1 Qg5 37. Kd2 Kg7 38. Nf2 Qf6 {[%emt 0:01:40] Repels Qa1. Strongly threatening ...Bg6.} 39. Nd1 Qe5 40. Qf2 $2 (40. Qf3) 40... Qe4 {[%emt 0:00:56] Black is clearly winning.} ({Not} 40... Bxh3 41. Qxh4 Bd7 42. Ke2 $11) 41. Qg1+ Bg6 42. Ke1 Qf3 43. Qh2 Qg3+ 44. Qf2 Qxh3 {[%emt 0:00:51] Weighted Error Value: White=0.53/Black=0.18 (very precise) .  Mistake:       	White=6     	Black=1      Inaccurate:     	White=4     	Black=3      OK:         	White=14    	Black=12     Best:        	White=1     	Black=2      Strong:       	White=2     	Black=3} 0-1

[Event "US Masters 2024"]
[Site "Charlotte"]
[Date "2024.11.29"]
[Round "4.5"]
[White "Nyzhnyk, Illya"]
[Black "Preotu, Razvan"]
[Result "1/2-1/2"]
[ECO "B54"]
[WhiteElo "2576"]
[BlackElo "2475"]
[Annotator "TA"]
[PlyCount "49"]
[EventDate "2024.09.23"]
[EventType "swiss"]
[EventCountry "USA"]
[SourceTitle "playchess.com"]
[Source "ChessBase"]
[SourceQuality "1"]
[TimeControl "5400+30"]

1. Nf3 c5 2. e4 d6 3. Bb5+ Bd7 4. c4 Nc6 5. d4 cxd4 6. Nxd4 g6 7. Nc3 Bg7 8. Be3 Nf6 9. h3 {[%emt 0:01:51] Inhibits Ng4.} O-O 10. O-O a6 11. Bxc6 Bxc6 12. Qd3 Nd7 13. Rfd1 Nc5 14. Qc2 {[%emt 0:00:58] [#] Strongly threatening Nxc6.} Rc8 15. Rac1 Bd7 16. Qe2 Ne6 17. Nxe6 Bxe6 18. c5 Qa5 19. cxd6 exd6 20. a3 Rc6 21. Bd4 Bb3 {[%emt 0:00:23] This pair of bishops is nice.} 22. Rd2 Bh6 23. Be3 {[%emt 0:00:51] The position is equal.} Bg7 24. Bd4 Bh6 25. Be3 {[%emt 0:00:09] Weighted Error Value: White=0.06 (flawless) /Black=0.03 (flawless) .  Inaccurate:     	White=2     	---        OK:         	White=10    	Black=8      Best:        	White=2     	---} 1/2-1/2

[Event "US Masters 2024"]
[Site "Charlotte"]
[Date "2024.11.29"]
[Round "4.6"]
[White "Escalante Ramirez, Brian"]
[Black "Burke, John M"]
[Result "0-1"]
[ECO "A45"]
[WhiteElo "2476"]
[BlackElo "2573"]
[Annotator "TA"]
[PlyCount "58"]
[EventDate "2024.09.23"]
[EventType "swiss"]
[EventCountry "USA"]
[SourceTitle "playchess.com"]
[Source "ChessBase"]
[SourceQuality "1"]
[TimeControl "5400+30"]

1. d4 Nf6 2. Bf4 g6 3. Nd2 c5 4. dxc5 Na6 5. e4 Nxc5 6. e5 Ne6 7. exf6 {[%emt 0:10:57] And now Qf3 would win.} (7. Nh3 $5 Qc7 8. exf6 Nxf4 9. fxe7 (9. Nxf4 Qxf4 10. fxe7 Bxe7 $16) 9... Bxe7 (9... Qe5+ 10. Be2 $11) 10. Nxf4 Qxf4 11. Qe2 $11) 7... Nxf4 8. g3 {[%emt 0:00:02] The position is equal.} Ne6 9. fxe7 Qxe7 10. Ne2 Bg7 11. Rb1 d5 12. Bg2 O-O {[%emt 0:04:21] Strongly threatening ...Nd4.} 13. O-O Rd8 14. Re1 Qc7 15. Nb3 d4 16. Nbc1 Bd7 17. Nd3 Rac8 18. Nef4 Qxc2 19. Bxb7 Rc7 (19... Qxd1 {simplifies} 20. Rexd1 Rc2 21. Nxe6 Bxe6 22. Rbc1 Rxc1 23. Rxc1 Bxa2 24. Ba6 Be6) 20. Bd5 {[%emt 0:01:47] [#]} (20. Ba6 $11 {remains equal.}) 20... Nxf4 $1 $17 21. Nxf4 Bf5 {[%emt 0:04:11] A strong pair of Bishops.} 22. Qf3 d3 $1 (22... Qxb1 23. Rxb1 Bxb1 24. Be4 $17) 23. Bb3 Qc5 {[%emt 0:06:31] aiming for ...d2.} 24. Rbd1 d2 $36 {[%emt 0:00:30][%mdl 2048] Keeping White busy.} ({Not} 24... Bxb2 25. Nxd3 Rxd3 (25... Qc3 26. Re3 $11) 26. Rxd3 Bxd3 27. Qxd3 $11) 25. Re2 Rcd7 ({Worse is} 25... Bxb2 26. Nd5 Rxd5 27. Qxd5 Qxd5 28. Bxd5 $11) 26. Nd5 (26. Ng2 {keeps fighting.}) 26... Rxd5 $19 {[%emt 0:01:08] Black has a decisive advantage.} 27. Bxd5 Rxd5 ({Less strong is} 27... Qxd5 28. Qxd5 Rxd5 29. Rdxd2 Rxd2 30. Rxd2 $17) 28. Rexd2 Rxd2 29. Rxd2 {[%emt 0:00:05] [#]} Bxb2 $1 {[%emt 0:02:24][%mdl 512] Weighted Error Value: White=0.28 (precise) /Black=0.03 (flawless) .  Mistake:       	White=2     	---        Inaccurate:     	White=1     	Black=1      OK:         	White=10    	Black=13     Best:        	White=2     	Black=3      Strong:       	---       	Black=1} 0-1

[Event "US Masters 2024"]
[Site "Charlotte"]
[Date "2024.11.29"]
[Round "4.7"]
[White "Park, Evan"]
[Black "Matviishen, Viktor"]
[Result "1-0"]
[ECO "B94"]
[WhiteElo "2375"]
[BlackElo "2566"]
[Annotator "TA"]
[PlyCount "107"]
[EventDate "2024.09.23"]
[EventType "swiss"]
[EventCountry "USA"]
[SourceTitle "playchess.com"]
[Source "ChessBase"]
[SourceQuality "1"]
[TimeControl "5400+30"]

1. e4 c5 2. Nf3 d6 3. d4 cxd4 4. Nxd4 Nf6 5. Nc3 a6 6. Bg5 Nbd7 7. Be3 Qc7 8. g4 h6 9. a4 {[%emt 0:00:12] The position is equal.} Ne5 10. h3 Bd7 11. f4 Nc4 12. Bxc4 Qxc4 13. Qd3 Rc8 (13... Qxd3 {simplifies} 14. cxd3 e5 15. Nde2 Be7) 14. e5 Qxd3 15. cxd3 dxe5 16. fxe5 Nh7 17. Ke2 e6 {[%emt 0:00:24] Prevents Nd5.} 18. h4 Be7 {[%emt 0:12:14] [#] Prevents g5.} 19. g5 $1 h5 20. Ne4 Nf8 21. Rac1 {[%emt 0:03:43][%cal Ba1c1,Bc1c7,Bc7b7][%mdl 32] White wants to play Rxc8+.} Rd8 {[%emt 0:05:42] Black is weak on the dark squares} (21... Rb8 $11) 22. Rc7 $14 Ng6 23. Rxb7 {[%emt 0:02:41] Hoping for Rc1. White is much more active.} O-O {[%emt 0:09:10] White stays focused until the end.} (23... Nxe5 $14 24. Rc1 Bxa4) 24. Rc1 $1 $16 Bxa4 25. Rcc7 {[%emt 0:01:59] Against Rd7} Rfe8 $2 {[%emt 0:10:03] [#]} (25... Rb8 $16) 26. Nd6 $1 Bxd6 (26... Rxd6 27. exd6) 27. exd6 e5 28. Nf5 Rf8 29. Kd2 Rb8 30. Rxb8 Rxb8 31. d7 $1 Bxd7 (31... Rxb2+ {might work better.} 32. Ke1 (32. Kc1 Bxd7 33. Rxd7 Rh2 $18) 32... Bxd7 33. Rxd7 a5) 32. Rxd7 $18 {[%emt 0:00:09] Strongly threatening d4.} Rxb2+ 33. Kc3 Rb1 (33... Rh2 {was called for.} 34. d4 Rh3) 34. d4 Rf1 35. Ne7+ Nxe7 36. Rxe7 exd4+ 37. Kxd4 {[%emt 0:00:00][%mdl 4096] Endgame. KRB-KR} Kh7 38. Ke4 Kg6 39. Ra7 Ra1 40. Bd4 Ra2 41. Kf4 {[%emt 0:00:00] Black must now prevent Ra8.} Ra4 $2 {[%emt 0:01:46] [#]} (41... f6 {is a better chance.} 42. gxf6 gxf6) 42. Rd7 $1 {[%emt 0:00:00] And now Rd6+ would win.} Ra5 43. Rd6+ Kh7 44. Ke4 Ra2 45. Kf4 $2 ({White should play} 45. g6+ $18 fxg6 46. Rd7) 45... Rg2 $2 (45... Ra5 $1 $11 {and Black has nothing to worry.} 46. g6+ fxg6) 46. Kf3 (46. Rxa6 Rg4+ 47. Ke5 Rxh4 $14) (46. Kf5 $142 a5 47. Ra6) 46... Rg4 47. Bf2 {[%emt 0:00:00][%cal Od6d4] Rd4! would now be deadly.} Ra4 48. Bd4 {[%emt 0:00:00][%cal Og5g6] g6+! is the strong threat.} Ra5 $2 {[%emt 0:01:11] [#]} (48... Ra3+ 49. Kf4 Rh3) 49. g6+ $1 fxg6 50. Rd7 g5 51. Rxg7+ Kh6 {[%emt 0:00:01] [#]} 52. Rxg5 $1 Rxg5 53. Be3 $1 Kg6 54. hxg5 {[%emt 0:00:00] Weighted Error Value: White=0.26 (precise) /Black=0.65.  Loses game:     	---       	Black=1      Mistake:       	---       	Black=6      Inaccurate:     	White=1     	Black=2      OK:         	White=18    	Black=15     Best:        	White=3     	Black=6      Strong:       	White=3     	---        Brilliant:      	White=1     	---} 1-0

[Event "US Masters 2024"]
[Site "Charlotte"]
[Date "2024.11.29"]
[Round "4.8"]
[White "Durarbayli, Vasif"]
[Black "Daggupati, Balaji"]
[Result "1-0"]
[ECO "B30"]
[WhiteElo "2626"]
[BlackElo "2465"]
[Annotator "TA"]
[PlyCount "87"]
[EventDate "2024.09.23"]
[EventType "swiss"]
[EventCountry "USA"]
[SourceTitle "playchess.com"]
[Source "ChessBase"]
[SourceQuality "1"]
[TimeControl "5400+30"]

1. e4 c5 2. Nf3 Nc6 3. Bb5 e6 4. Bxc6 bxc6 5. b3 Qc7 6. Bb2 d6 7. e5 d5 8. d3 {[%emt 0:06:31] The position is equal.} Nh6 9. Nc3 Be7 10. Qe2 Ba6 11. O-O-O Nf5 12. g4 Nd4 13. Qe3 Nxf3 14. Qxf3 Qxe5 ({Better is} 14... O-O $15) 15. Ne2 $11 Qg5+ 16. Kb1 $1 {[%emt 0:01:11][%mdl 1024] And now h4 would win. White has compensation.} h5 17. Rhg1 h4 18. Qg2 e5 {[%emt 0:04:46] [#]} 19. f4 $1 exf4 20. Rdf1 (20. Rde1 $5) 20... Bd6 $1 21. Bc1 c4 (21... O-O-O $11) 22. Nxf4 $14 cxb3 {[%emt 0:00:25] White now steadily converts the win.} (22... O-O $1 $14) 23. axb3 $18 Kd7 24. Nh5 Qg6 {[%emt 0:00:28] [#]} 25. Rf5 $1 f6 26. Nf4 Qf7 27. g5 Kc7 $2 (27... Rae8 28. gxf6 gxf6) 28. gxf6 gxf6 29. Qf2 Kb7 (29... Bc8 30. Rxf6 Qh7 31. Ng6) 30. Ng6 Rh7 31. Rxf6 Qc7 (31... Qd7 {is a better defense.} 32. Bf4 (32. Nxh4 Be5 $18) 32... Bxf4) 32. Bf4 (32. Nxh4 Bb5 33. Nf5 Bxh2 $16) 32... Bxf4 33. Nxf4 {[%emt 0:00:27] Threatens to win with Ne6.} ({Weaker is} 33. Qxf4 Re8 34. Qf2 (34. Nxh4 Bxd3 35. Qxc7+ Kxc7 $14) 34... Bb5 35. Nxh4 Qe5 $18) (33. Rxf4 Rg8 34. Rf6 (34. Nxh4 $2 {is the wrong capture.} Rxg1+ 35. Ka2 Qa5+ 36. Ra4 Qe1 $19) (34. Rxh4 Rf7 $18) 34... Re8 35. Nxh4 Qb6 $18) 33... Qb6 34. d4 Re8 35. Nxd5 cxd5 36. Rxb6+ axb6 37. Qf5 Rc7 {[%emt 0:00:04] [#]} 38. Rg8 $3 Re1+ (38... Bb5 39. Rxe8) 39. Kb2 Ka7 40. Qxd5 (40. Qf8 $142 Bc8 41. Qd6) 40... Bb7 41. Qd6 Rc8 42. Rxc8 Bxc8 43. Qc7+ Bb7 44. d5 {[%emt 0:00:00] Weighted Error Value: White=0.05 (flawless) /Black=0.75.  Mistake:       	---       	Black=5      Inaccurate:     	White=2     	Black=2      OK:         	White=9     	Black=12     Best:        	White=5     	---        Strong:       	White=2     	Black=1} 1-0

[Event "US Masters 2024"]
[Site "Charlotte"]
[Date "2024.11.29"]
[Round "4.9"]
[White "Panchanathan, Magesh Chandran"]
[Black "Bruzon Batista, Lazaro"]
[Result "1-0"]
[ECO "E08"]
[WhiteElo "2461"]
[BlackElo "2578"]
[Annotator "TA"]
[PlyCount "73"]
[EventDate "2024.09.23"]
[EventType "swiss"]
[EventCountry "USA"]
[SourceTitle "playchess.com"]
[Source "ChessBase"]
[SourceQuality "1"]
[TimeControl "5400+30"]

1. Nf3 Nf6 2. g3 d5 3. Bg2 e6 4. d4 Be7 5. c4 O-O 6. O-O c6 7. Qc2 b6 8. Rd1 Nbd7 9. b3 Bb7 10. Nc3 Ba6 11. Bb2 Rc8 12. e4 dxc4 {[%emt 0:01:00] White has an edge.} 13. Nd2 b5 14. bxc4 bxc4 15. Na4 c5 16. d5 exd5 17. exd5 Ne8 18. Nxc4 Bxc4 19. Qxc4 Nd6 20. Qa6 Rc7 21. Bc3 Nb8 22. Qa5 Nc4 23. Qb5 Nd6 24. Qb2 {[%emt 0:15:03] White has more active pieces.} Rb7 25. Qe2 Nd7 26. Rab1 Rxb1 27. Rxb1 c4 28. Qe3 $40 {[%emt 0:01:24][%mdl 128] White is out for blood.} Bf6 29. Qxa7 Ne5 30. Ba5 {[%emt 0:06:51] A strong pair of Bishops.} Qc8 31. Bb4 Qf5 32. Rf1 Rd8 33. Bxd6 Rxd6 34. Nc5 {[%emt 0:00:07][%cal Ba4c5,Bc5b7,Bb7c5][%mdl 32] Nb7 would now be deadly.} h5 $2 {[%emt 0:03:52] [#]} (34... Rd8 $16) 35. Nb7 $1 $18 {[%emt 0:01:24] White has a decisive advantage.} Rd7 36. Qa8+ Kh7 {[%emt 0:14:09] Strongly threatening ...h4.} 37. Nc5 {[%emt 0:00:05] Weighted Error Value: White=0.04 (flawless) /Black=0.17 (very precise) .  Loses game:     	---       	Black=1      Inaccurate:     	White=1     	Black=2      OK:         	White=13    	Black=14     Best:        	White=2     	Black=1      Strong:       	White=1     	---} 1-0

[Event "US Masters 2024"]
[Site "Charlotte"]
[Date "2024.11.29"]
[Round "4.10"]
[White "Shlyakhtenko, Robert"]
[Black "Stremavicius, Titas"]
[Result "1/2-1/2"]
[ECO "D31"]
[WhiteElo "2422"]
[BlackElo "2545"]
[Annotator "TA"]
[PlyCount "153"]
[EventDate "2024.09.23"]
[EventType "swiss"]
[EventCountry "USA"]
[SourceTitle "playchess.com"]
[Source "ChessBase"]
[SourceQuality "1"]
[TimeControl "5400+30"]

1. d4 d5 2. c4 e6 3. Nc3 Be7 4. cxd5 exd5 5. Bf4 c6 6. e3 Bf5 7. f3 {[%emt 0:00:00] D31: Queen's Gambit Declined: Semi-Slav without ...Nf6 (+ Marshall Gambit and Noteboom) and Exchange Variation lines without ...Nf6.} Bg6 8. Bd3 Nf6 9. g4 Bd6 $146 ({Predecessor:} 9... Bxd3 10. Qxd3 O-O 11. Nge2 Nbd7 12. h4 Ne8 13. h5 Bd6 14. Kf2 b5 15. Rac1 a5 {½-½ Mamedyarov,S (2808)-Giri,A (2782) Leuven GCT rapid 2018 (3)}) 10. Nge2 Bxf4 11. Nxf4 Qe7 12. Kf2 Bxd3 13. Qxd3 O-O 14. h4 Nbd7 15. g5 Ne8 16. e4 dxe4 17. fxe4 Nc7 18. Kg2 Ne6 19. Rhf1 Rad8 20. Nxe6 Qxe6 21. Rad1 Nb6 22. Qf3 Qe7 23. Ne2 c5 24. d5 Nc4 25. Ng3 Qe5 26. Rf2 Nd6 27. Rc1 b6 28. Qc3 Rfe8 29. Re2 g6 30. Qd2 Re7 31. Rf1 Rde8 32. Rf6 Nc4 33. Qc1 Qd4 34. b3 Ne5 35. h5 Nd3 36. Qe3 Qxe3 37. Rxe3 Nb4 38. d6 Rd7 39. e5 Nc6 40. Rff3 Rxe5 41. Rxe5 Nxe5 42. Re3 Ng4 $1 43. Re8+ Kg7 44. h6+ Nxh6 {[%emt 0:00:01] [#]} 45. gxh6+ ({Better is} 45. Ne4 $1 $16 Ng4 46. Re7) 45... Kxh6 $11 46. Re7 (46. Ne4 $5 f5 $8 47. Re7 $11) 46... Rxd6 47. Rxf7 Rd2+ 48. Rf2 Rxf2+ 49. Kxf2 Kg5 50. Kf3 Kf6 51. Kf4 h5 52. Ne4+ Ke6 53. Nc3 {[%emt 0:00:05] [#]} h4 (53... Kd7 $1 $17 54. Nb5 (54. Kg5 Kc6 $16) 54... a6) 54. Kg4 $11 g5 55. Ne4 Kd5 56. Nxg5 Kd4 57. Kxh4 Kc3 58. Kg3 Kb2 59. Ne4 Kxa2 60. Nd2 Kb2 61. Kf3 Kc2 62. Ke2 a5 63. Nc4 Kxb3 64. Kd3 $1 a4 65. Nd2+ Kb2 (65... Ka2 $5 66. Kc3 $8 b5 $11) 66. Nc4+ $1 Kb3 (66... Kc1 $5 67. Na3 $8 (67. Nxb6 $2 {too greedy.} a3 $19) 67... Kb2 68. Nc4+ Kb3 69. Nd2+ Kb2 (69... Kb4 70. Kc2 $11) 70. Nc4+ $11) 67. Nd2+ Kb4 (67... Ka2 $5 68. Kc3 $8 b5 $11) 68. Kc2 c4 69. Nb1 b5 (69... a3 $5 70. Nc3 $8 b5 71. Na2+ Ka4 $11) 70. Kb2 Kc5 71. Ka3 c3 (71... Kd4 $5 72. Kb4 $8 Kd3 $11) 72. Nxc3 b4+ 73. Kb2 a3+ 74. Kb3 bxc3 75. Kxc3 a2 76. Kb2 a1=R 77. Kxa1 1/2-1/2